 Dungeon Crawl Stone Soup version 0.18-a0-917-g8a3da5b (webtiles) character file.

261 dvd the Insei (level 6, -1/39 HPs)
             Began as an Octopode Transmuter on Dec 26, 2015.
             Slain by st0uf's ghost (17 damage)
             ... on level 4 of the Dungeon.
             The game lasted 00:11:24 (3818 turns).

dvd the Insei (Octopode Transmuter)                 Turns: 3818, Time: 00:11:24

Health: -1/39      AC:  2    Str:  9 (10) XL:     6   Next: 18%
Magic:  4/10       EV: 20    Int: 19 (20) God:
Gold:   109        SH:  0    Dex: 15 (17) Spells: 2 memorised, 6 levels left

rFire  . . .     SeeInvis .       - Unarmed
rCold  . . .     Gourm    .     (shield currently unavailable)
rNeg   . . .     Faith    .     (helmet currently unavailable)
rPois  x         Spirit   .     w - amulet of resist corrosion
rElec  .         Dismiss  .     (no ring)
rCorr  +         Reflect  .     C - +3 ring of intelligence
SustAt .         Harm     .     (no ring)
MR     .....                    (no ring)
Stlth  ++........               (no ring)
                                (no ring)
                                (no ring)
                                (no ring)

@: spider-form, very slightly contaminated, not resistant to hostile
enchantments, unstealthy
A: almost no armour, amphibious, 8 rings, (constrict 8), (camouflage 0),
(gelatinous body 0)
a: End Transformation


You were on level 4 of the Dungeon.
You were not hungry.
You were a venomous arachnid creature.
You visited 1 branch of the dungeon, and saw 4 of its levels.

You collected 109 gold pieces.

Inventory:

Hand Weapons
 p - a cursed -2 dagger
 u - a +0 dagger
Missiles
 a - 18 arrows
Armour
 x - a +0 hat (melded)
Jewellery
 f - an uncursed ring of fire
 w - an amulet of resist corrosion (around neck)
 C - a +3 ring of intelligence (right front leg)
Wands
 y - a wand of disintegration (13/24)
Scrolls
 d - a scroll of recharging {unknown}
 e - 4 scrolls of identify {unknown}
 h - 7 scrolls of teleportation {unknown}
 i - 4 scrolls of fear {unknown}
 k - a scroll of random uselessness {unknown}
 n - 2 scrolls of noise {unknown}
 o - a scroll of blinking {unknown}
 r - a scroll of enchant armour {unknown}
 t - a scroll of remove curse {unknown}
 A - a scroll of enchant weapon {unknown}
Potions
 j - a potion of ambrosia
 l - 2 potions of heal wounds
 v - a potion of agility
 B - a potion of cure mutation
Books
 b - a book of Changes

   Spells                             Type                      Level
   a - Beastly Appendage              Transmutation                1
   b - Sticks to Snakes               Transmutation                2
   c - Spider Form                    Transmutation/Poison         3
   d - Ice Form                       Ice/Transmutation            4
   e - Blade Hands                    Transmutation                5
Comestibles
 c - 2 bread rations
 g - 2 slices of pizza
 m - 2 meat rations
 q - 2 beef jerkies
 s - a fruit
 z - 10 chunks of flesh


   Skills:
 + Level 2.1 Fighting
 + Level 3.2 Dodging
 + Level 2.6 Stealth
 + Level 4.2 Unarmed Combat
 + Level 2.9 Spellcasting
 + Level 3.0 Transmutations


You had 6 spell levels left.
You knew the following spells:

 Your Spells              Type           Power        Failure   Level  Hunger
a - Beastly Appendage     Trmt           ##....       17%         1    None
b - Spider Form           Trmt/Pois      #.........   50%         3    ###....


Dungeon Overview and Level Annotations

Branches:
Dungeon (4/15)
 Temple: D:4-7

Altars:

Annotations:
D:4 st0uf's ghost, amateur FoFi


Innate Abilities, Weirdness & Mutations

You cannot wear most types of armour.
You are amphibious.
You can wear up to eight rings at the same time.
((You can use your tentacles to constrict eight enemies at once.))
((Your skin changes colour to match your surroundings (Stealth).))
((Your rubbery body absorbs attacks (AC +1).))


Message History

There is a stone staircase leading up here.
Casting: Spider Form
Confirm with . or Enter, or press ? or * to list all spells.
You miscast Spider Form.
You are very lightly contaminated with residual magic.
The air around you crackles with energy!
St0uf's ghost turns its malevolent gaze towards you.
St0uf's ghost hits you.
Casting: Spider Form
Confirm with . or Enter, or press ? or * to list all spells.
You turn into a venomous arachnid creature.
Your +0 hat melds into your body.
St0uf's ghost hits you.
Unknown command.
You hit st0uf's ghost.
St0uf's ghost is lightly damaged.
St0uf's ghost hits you!
You hit st0uf's ghost.
St0uf's ghost is lightly damaged.
St0uf's ghost hits you!
You die...

##...##
##.....##
##.......##
#.........#
+.........+
#........!#
#......W#
#....s#
##...##
##+#


You could see st0uf's ghost.

Vanquished Creatures
  12 gnolls
  9 adders
  3 worms
  2 giant geckos
  2 giant cockroaches
  5 hobgoblins
  6 jackals (D:2)
  9 kobolds
  2 quokkas
  2 ball pythons
  3 bats
  5 giant newts
  5 goblins
  10 rats
75 creatures vanquished.

Notes
Turn   | Place    | Note
--------------------------------------------------------------
     0 | D:1      | dvd the Octopode Transmuter began the quest for the Orb.
     0 | D:1      | Reached XP level 1. HP: 13/13 MP: 3/3
   304 | D:1      | Reached XP level 2. HP: 8/18 MP: 3/5
   950 | D:2      | Reached XP level 3. HP: 8/23 MP: 6/6
   951 | D:2      | Gained mutation: Scrolls take you a little longer to read. [potion of mutation]
   951 | D:2      | Gained mutation: Your body sometimes deteriorates upon taking damage. [potion of mutation]
  1020 | D:2      | Learned a level 3 spell: Spider Form
  1366 | D:2      | Reached skill level 1 in Stealth
  1679 | D:2      | Reached XP level 4. HP: 28/28 MP: 3/7
  2075 | D:2      | Reached XP level 5. HP: 8/34 MP: 4/8
  3084 | D:3      | Reached skill level 4 in Unarmed Combat
  3091 | D:3      | Lost mutation: Your body sometimes deteriorates upon taking damage. [potion of cure mutation]
  3091 | D:3      | Lost mutation: Scrolls take you a little longer to read. [potion of cure mutation]
  3626 | D:3      | Reached XP level 6. HP: 39/39 MP: 6/10
  3814 | D:4      | Noticed st0uf's ghost (amateur FoFi)
  3818 | D:4      | Slain by st0uf's ghost

Vault maps used:
D:1:      co_arrival_square_in_a_square_in_a_square, minmay_surrounded
D:3:      first_bread, item_on_display_a
D:4:      uniq_sigmund, uniq_duvessa, uniq_eustachio

Action                   |  1- 3 |  4- 6 || total
-------------------------+-------+-------++-------
Melee: Unarmed           |    66 |   111 ||   177
 Cast: Beastly Appendage |    14 |     6 ||    20
       Spider Form       |     2 |    12 ||    14
  Use: Potion            |     6 |     3 ||     9
 Stab: Sleeping          |     3 |     5 ||     8
       Distracted        |       |     1 ||     1
  Eat: Chunk             |     3 |     8 ||    11
